Zazza, neutral female human Tourist ------ ----- |....| |...| |.``.----.`.| |.`.........| |..--->---..| |---------.--- |..^^^<|.....| |..----|`....| --^| |.....| |^-----`....| |@.%........| |..---------- ---- Zazza the Excursionist Experience level: 7 Strength: 15 Dexterity: 13 Constitution: 17 Intelligence: 13 Wisdom: 11 Charisma: 18 Health: 0(55) Energy: 27(27) Def: 9 Gold: 0 Moves: 8806 Dungeon seed: r8OborLI-eK4-N6N Game ID: Zazza_1574971924 Your Inventory: Weapons a - 20 +2 darts (in quiver) B - 2 +0 elven daggers (wielded) Armor e - an uncursed +1 helmet (being worn) q - an uncursed +0 elven mithril-coat (being worn) r - an uncursed +0 cloak of invisibility (being worn) y - a cursed -1 pair of levitation boots N - an uncursed +0 pair of leather gloves (being worn) Comestibles J - a cursed tripe ration Q - 2 uncursed food rations Scrolls P - 2 uncursed scrolls of earth Rings E - an uncursed ring of polymorph control (on left hand) Wands F - a wand of secret door detection (0:12) L - a wand of locking (0:6) Tools k - an uncursed lock pick l - an expensive camera (0:36) n - an uncursed bag of holding v - an uncursed mirror w - a cursed magic lamp (lit) Contents of the bag of holding: 6117 gold pieces 2 +0 daggers a cursed +0 dagger 20 +2 darts a +0 dwarvish mattock a blessed +1 javelin a +0 long sword 6 +0 shuriken an uncursed +0 Hawaiian shirt a cursed +0 Hawaiian shirt an uncursed +0 elven leather helm a cursed cram ration 3 uncursed eggs an uncursed egg 4 uncursed food rations an uncursed lembas wafer an uncursed pancake 2 uncursed slime molds an uncursed tin of newt meat an uncursed scroll of amnesia an uncursed scroll of confuse monster a cursed scroll of destroy armor an uncursed scroll of magic mapping a blessed scroll of remove curse a cursed spellbook of restore ability an uncursed potion of full healing an uncursed ring of fire resistance an uncursed ring of slow digestion a cursed expensive camera (0:39) a tinning kit (0:94) an uncursed worthless piece of blue glass 2 uncursed worthless pieces of orange glass 2 uncursed worthless pieces of violet glass Spells and supernatural/magical abilities: Name Level Category Fail Memory W - pray for help -- divine ? -- Your skills at the end: Fighting Skills Weapon Skills dagger [Basic] dart [Basic] unicorn horn [Basic] Spellcasting Skills Final Attributes: You were piously aligned. You were poison resistant. You were invisible. You had polymorph control. You are dead. Vanquished creatures: a ghost a carnivorous ape a leather golem 3 giant beetles a quivering blob a cockatrice a winter wolf cub 42 leprechauns 2 brown puddings 3 lizards a dingo a jaguar a white unicorn a dust vortex a raven a gnome mummy a snake a rope golem 3 Woodland-elves a wood nymph 4 Mordor orcs 8 Uruk-hai a rock mole 2 ponies a yellow light 3 shriekers 3 violet fungi 3 gnome lords a kobold mummy 3 giant ants a floating eye a kitten 3 dwarves 2 homunculi 2 hill orcs 4 rothes a giant bat a wererat 5 iguanas 12 killer bees an acid blob 2 coyotes 4 gas spores 4 hobbits a hobgoblin 6 giant rats 4 cave spiders 2 brown molds a yellow mold a red mold 3 garter snakes 3 geckos 17 jackals 2 foxes 3 kobolds 5 goblins 3 sewer rats 10 grid bugs a bat 5 lichens 2 kobold zombies 7 newts 216 creatures vanquished. Voluntary challenges: You used a wielded weapon 208 times, starting on turn 1369. You read items or engraved 18 times, starting on turn 157. You never genocided any monsters. You never polymorphed an object. You never changed form. You used no wishes. You never split a pudding. You wrote Elbereth's name 10 times, starting on turn 157. You violated your moral code, losing 10 points of alignment, starting on turn 5299. Dungeon overview: The Dungeons of Doom: levels 1 to 11 Level 1 a long staircase Level 2 a general store Level 3 a general store, a fountain a long staircase Level 4 a fountain Level 5 a fountain Level 6 Level 7 a delicatessen Level 8 many fountains Level 9 stairs to Sokoban Level 10 some fountains Level 11 an altar to The Lady Sokoban: Level 8 <- You were here stairs to The Dungeons of Doom History has recorded: On T:1 you entered the Dungeons of Doom to retrieve the Amulet of Yendor! On T:94 you reached level 2 of The Dungeons of Doom. On T:454 you advanced to experience level 2. On T:1491 you advanced to experience level 3. On T:1771 you reached level 3 of The Dungeons of Doom. On T:2449 you advanced to experience level 4. On T:3189 you reached level 4 of The Dungeons of Doom. On T:3557 you reached level 5 of The Dungeons of Doom. On T:3935 you reached level 6 of The Dungeons of Doom. On T:4396 you advanced to experience level 5. On T:4457 you reached level 7 of The Dungeons of Doom. On T:4930 you reached level 8 of The Dungeons of Doom. On T:5356 you reached level 9 of The Dungeons of Doom. On T:6349 you advanced to experience level 6. On T:6553 you reached level 10 of The Dungeons of Doom. On T:6989 you reached level 4 of Sokoban. On T:7788 you advanced to experience level 7. On T:7990 you reached level 11 of The Dungeons of Doom. Score breakdown: Gold: 5885 (12823 points) Experience: 7 levels (13645 points) Exploration: 11 levels ( 20.75%) (13155 points) Discoveries: 16 items ( 5.37%) ( 6951 points) Valuables value: (no points given unless you survive) Artifact value: 0 ( 0 points) Variety of kills: 62 monsters ( 16.27%) (12101 points) Turncount: 8806 turns (-2190 points) Survival: died (score multiplied by 80%) Total score: 45188 Latest messages: The Woodland-elf thrusts his elven dagger. The Woodland-elf hits! The Woodland-elf is blinded by the flash! The Woodland-elf turns to flee! The Woodland-elf wields a runed bow! The Woodland-elf picks up a runed broadsword. Air currents pull you down into a pit! You hear the howling of the CwnAnnwn... You can't go up here. You are already in the pit. You feel wise! The Woodland-elf wields a runed broadsword! You hit the Woodland-elf! You miss the Woodland-elf. The Woodland-elf wields a runed short sword! You hit the Woodland-elf. The Woodland-elf thrusts her runed short sword. The Woodland-elf hits! You die... Final status: Aloha Zazza the Tourist, killed by a Woodland-elf... You died in Sokoban on dungeon level 8 with 45188 points, and 6117 pieces of gold, after 8806 moves. You were level 7 with a maximum of 55 hit points when you died.